 Dungeon Crawl Stone Soup version 0.28.0-53-g5a82cb258f (webtiles) character file.

Game seed: 11123154677007800152

884 quokkamancerX the Summoner (level 8, 0/41 HPs)
             Began as a Tengu Summoner on June 1, 2022.
             Succumbed to a water moccasin's poison
             ... on level 5 of the Dungeon on June 2, 2022.
             The game lasted 00:26:14 (6742 turns).

quokkamancerX the Summoner (Tengu Summoner)         Turns: 6742, Time: 00:26:15

Health: 0/41       AC:  3    Str:  9    XL:     8   Next: 5%
Magic:  9/15       EV: 14    Int: 18    God:
Gold:   266        SH:  0    Dex: 14    Spells: 2/15 levels left

rFire   . . .      SeeInvis .   i - +1 spear (venom)
rCold   . . .      Faith    .   (no shield)
rNeg    . . .      Spirit   .   a - +0 robe
rPois   .          Reflect  .   (helmet restricted)
rElec   .          Harm     .   e - +0 cloak
rCorr   .          Rampage  .   (no gloves)
Will    .....                   (boots unavailable)
Stlth   +++.......              (no amulet)
HPRegen 0.13/turn               f - ring of wizardry
MPRegen 0.14/turn               (no ring)

@: lethally poisoned (0 -> -17), flying quickly and evasively, hasted, very
quick
A: beak, talons 3, nimble flight
a: no special abilities


You were on level 5 of the Dungeon.
You visited 1 branch of the dungeon, and saw 5 of its levels.
You also visited: Sewer.

You collected 266 gold pieces.

Inventory:

Hand Weapons
 i - a +1 spear of venom (weapon)
Missiles
 c - 63 stones (quivered)
Armour
 a - a +0 robe (worn)
 e - a +0 cloak (worn)
Jewellery
 f - a ring of wizardry (left hand)
Wands
 m - a wand of iceblast (10)
Scrolls
 b - a scroll of holy word {unknown}
 d - 3 scrolls of teleportation
 j - a scroll of blinking {unknown}
 k - a scroll of fear {unknown}
 n - a scroll of noise {unknown}
 q - a scroll of fog {unknown}
Potions
 g - a potion of resistance {unknown}
 h - a potion of brilliance {unknown}
 l - a potion of flight {unknown}
 o - a potion of attraction {unknown}
 p - a potion of haste
 r - 2 potions of heal wounds {unknown}
 s - a potion of lignification {unknown}


   Skills:
 - Level 0.1 Fighting
 - Level 2.1 Dodging
 - Level 4.0 Stealth
 + Level 4.0 Spellcasting
 - Level 10.0 Summonings
 + Level 0.0 Air Magic


You had 2 spell levels left.
You knew the following spells:

 Your Spells              Type           Power      Damage    Failure   Level
a - Summon Small Mammal   Summ           100%       N/A       1%          1
b - Call Canine Familiar  Summ           39%        N/A       1%          3
c - Call Imp              Summ           39%        N/A       1%          2
d - Summon Guardian Gole  Hex/Summ       21%        N/A       2%          3
e - Summon Lightning Spi  Summ/Air       21%        N/A       8%          4

Your spell library contained the following spells:

 Spells                   Type           Power      Damage    Failure   Level
 Scorch                   Fire           6%         2d5       9%          2
 Summon Cactus Giant      Summ           19%        N/A       16%         6
 Flame Wave               Conj/Fire      3%         2d4       47%         4


Dungeon Overview and Level Annotations

Branches:
Dungeon (5/15)              Sewer (visited)
 Temple: D:4-7

Altars:

Shops:
D:1 [


Innate Abilities, Weirdness & Mutations

You have a beak for a mouth.
You have claws for feet.
Your magical nature lets you fly swiftly and evasively.


Message History

Your wolf dies!
Your wolf's corpse disappears in a puff of smoke!
Your crimson imp barely misses the water moccasin.
You miss the water moccasin.
The water moccasin is moderately wounded.
The water moccasin bites you.
You closely miss the water moccasin. You punch the water moccasin.
The water moccasin is moderately wounded.
The water moccasin bites you.
You are poisoned.
The water moccasin poisons you!
Your crimson imp blinks!
The water moccasin closely misses you.
Casting: Call Imp (safe; 1% risk of failure)
Confirm with . or Enter, or press ? or * to list all spells.
You feel very sick. The water moccasin barely misses you.
You feel very sick. The water moccasin bites you.
You swap places.
A hound comes into view.
You feel sick.
Your wolf barely misses the water moccasin.
Your crimson imp blinks!
You feel sick. The water moccasin bites you!
You are lethally poisoned!
The water moccasin poisons you!
Your wolf bites the water moccasin.
* * * LOW HITPOINT WARNING * * *
You feel very sick.
Your wolf bites the water moccasin.
The water moccasin barely misses your wolf.
Your wolf bites the water moccasin.
* * * LOW HITPOINT WARNING * * *
You feel very sick. The water moccasin bites your wolf.
Your wolf bites the water moccasin.
Your crimson imp blinks!
The water moccasin bites your wolf but does no damage.
There is a stone staircase leading up here.
It was a potion of haste.
You feel yourself speed up.
You die...

### .### ##.##
.#.##
.#######...#.....#
...........#......
...........#....##
.........@.......#
≈..............<..
≈≈......§.5.......
........Sh........
.........#........
.......####....#..
....... ....# .
....≈#. ....#
...≈... ##....


You could see a water moccasin (ally target), a friendly wolf (summoned) and a
friendly crimson imp (summoned).

Vanquished Creatures
  Grinder (D:4)
  2 kobold brigands (Sewer)
  A bullfrog skeleton (D:4)
  An orc priest (D:4)
  Natasha (D:4)
  A hound skeleton (D:4)
  A gnoll (D:4)
  An adder (Sewer)
  4 river rats (Sewer)
  An ufetubus (D:4)
  An adder skeleton (D:3)
  A worm (D:2)
  A dart slug (D:1)
  An orc (D:4)
  5 ball pythons
  2 bats (D:1)
  2 endoplasms
  2 giant cockroaches (D:4)
  3 goblins
  6 hobgoblins
  5 jackals (Sewer)
  6 kobolds
  2 quokkas (D:4)
  A frilled lizard (Sewer)
  5 rats
57 creatures vanquished.

Vanquished Creatures (collateral kills)
  A kobold brigand (Sewer)
  A gnoll shaman (D:2)
  A hound (D:4)
  2 orc wizards (D:4)
  6 gnolls
  4 adders
  3 dart slugs
  2 orcs (D:4)
  5 ball pythons
  2 endoplasms (D:1)
  4 giant cockroaches
  7 goblins
  5 hobgoblins
  2 jackals
  3 kobolds
  4 quokkas
  A bat (D:1)
  A frilled lizard (D:1)
  A rat (Sewer)
55 creatures vanquished.

Vanquished Creatures (others)
  25 plants
  5 withered plants (D:1)
30 creatures vanquished.

Grand Total: 142 creatures vanquished

Notes
Turn   | Place    | Note
-------+----------+-------------------------------------------
     0 | D:1      | quokkamancerX the Tengu Summoner began the quest for the
                  | Orb.
     0 | D:1      | Reached XP level 1. HP: 10/10 MP: 4/4
   256 | D:1      | Reached XP level 2. HP: 15/15 MP: 3/6
   874 | D:1      | Reached XP level 3. HP: 19/19 MP: 5/7
   922 | D:1      | Found Yrhuc's Armour Shoppe.
   948 | D:1      | Found a faded altar of an unknown god.
  1612 | D:2      | Learned a level 2 spell: Call Imp
  1616 | D:2      | Learned a level 3 spell: Call Canine Familiar
  2130 | D:2      | Reached XP level 4. HP: 24/24 MP: 9/9
  2952 | D:2      | Gained mutation: Your magical nature lets you fly swiftly
                  | and evasively. [Tengu growth]
  2952 | D:2      | Reached XP level 5. HP: 18/28 MP: 3/11
  3969 | D:4      | Noticed Grinder
  4003 | D:4      | Killed Grinder
  4004 | D:4      | Reached skill level 6 in Summonings
  4004 | D:4      | Reached XP level 6. HP: 28/32 MP: 7/13
  4206 | D:4      | Reached skill level 7 in Summonings
  4212 | D:4      | Identified the +0 helmet of Somewhere Else {rElec Str+3
                  | Int+6}
  4341 | D:4      | Found a glowing drain.
  4375 | Sewer    | Entered a sewer
  4413 | Sewer    | Reached XP level 7. HP: 14/36 MP: 10/14
  4901 | Sewer    | Reached skill level 8 in Summonings
  5827 | D:4      | Reached skill level 9 in Summonings
  6277 | D:4      | Reached XP level 8. HP: 39/41 MP: 11/15
  6310 | D:4      | Learned a level 3 spell: Summon Guardian Golem
  6315 | D:4      | Learned a level 4 spell: Summon Lightning Spire
  6471 | D:4      | Noticed Natasha
  6481 | D:4      | Killed Natasha
  6482 | D:4      | Reached skill level 10 in Summonings
  6719 | D:5      | Entered Level 5 of the Dungeon
  6742 | D:5      | Succumbed to a water moccasin's poison

Illustrated notes

Levels and vault maps discovered:
D:1:      roderic_chinese_lattice_arrival, layout_loops_ring, serial_shops,
          shop, shapermc_ecumenical_altar_flowoftime, minmay_cupped
D:2:      layout_loops_corners
D:3:      layout_basic, minivault_5, hex_tiny
D:4:      layout_loops_ring, gup_sewer_entry_pipe, uniq_natasha, uniq_grinder
D:5:      layout_cave_pools, general_overflow_altar, st_stairs_14,
          minmay_misc_feat_hallway, kennysheep_decorative_pillar,
          minmay_pentangle

Skill      XL: |  1  2  3  4  5  6  7  8 |
---------------+-------------------------+-----
Stealth        | 3 4 |  4.0
Spellcasting   | 3 4 |  4.0
Summonings     | 6 7 9 10 | 10.0
Fighting       | |  0.1
Dodging        | |  2.1

Action                   |  1- 3 |  4- 6 |  7- 9 || total
-------------------------+-------+-------+-------++-------
Melee: Peck              |     4 |    12 |    23 ||    39
       Unarmed           |     2 |       |       ||     2
       Kick              |     8 |    24 |    27 ||    59
       Spear             |    39 |    77 |   136 ||   252
       Punch             |       |       |     3 ||     3
Throw: Stone             |     2 |       |     1 ||     3
 Cast: Summon Small Mamm |    43 |    14 |       ||    57
       Call Imp          |     2 |    14 |     8 ||    24
       Call Canine Famil |       |     5 |    13 ||    18
  Use: Scroll            |     1 |       |       ||     1
       Potion            |       |       |     1 ||     1
 Stab: Sleeping          |     6 |     3 |     2 ||    11
       Distracted        |     1 |     2 |       ||     3
Armor: Robe              |     4 |     9 |    14 ||    27
Dodge: Dodged            |    27 |    35 |    48 ||   110
